 Dungeon Crawl Stone Soup version 0.28-a0-519-gbfeecf2fc5 (webtiles) character file.

Game seed: 16620434516043325264

4018 speeev33 the Protected (level 10, -6/66 HPs)
             Began as a Gargoyle Fighter on Sept 23, 2021.
             Was a Priest of Okawaru.
             Mangled by an orc warrior (10 damage)
             ... on level 8 of the Dungeon.
             The game lasted 00:18:51 (11228 turns).

speeev33 the Protected (Gargoyle Fighter)          Turns: 11228, Time: 00:18:52

Health: -6/66      AC: 20    Str: 24    XL:     10   Next: 23%
Magic:  10/10      EV:  8    Int:  8    God:    Okawaru [***...]
Gold:   399        SH:  4    Dex:  9    Spells: 9/9 levels left

rFire   . . .      SeeInvis .   a - +0 flail
rCold   . . .      Faith    +   c - +0 buckler
rNeg    + . .      Spirit   .   m - +0 chain mail
rPois   ∞          Reflect  .   b - +0 helmet
rElec   +          Harm     .   (no cloak)
rCorr   .          Rampage  .   (no gloves)
Will    +....                   (no boots)
Stlth   ..........              s - amulet of faith
HPRegen 0.21/turn               h - ring of willpower
MPRegen 0.12/turn               (no ring)

@: no status effects
A: sickness immunity, AC +7, negative energy resistance 1, electricity
resistance, torment resistance 1, petrification resistance
a: Renounce Religion, Heroism


You were on level 8 of the Dungeon.
You worshipped Okawaru.
Okawaru was most pleased with you.
You visited 2 branches of the dungeon, and saw 9 of its levels.

You collected 399 gold pieces.

Inventory:

Hand Weapons
 a - a +0 flail (weapon)
Missiles
 r - 5 silver boomerangs
Armour
 b - a +0 helmet (worn)
 c - a +0 buckler (worn)
 m - a +0 chain mail (worn)
Jewellery
 h - a ring of willpower (left hand)
 s - an amulet of faith (around neck)
Wands
 q - a wand of iceblast (4)
 t - a wand of paralysis (4) (quivered)
Scrolls
 k - 5 scrolls of teleportation
Potions
 d - a potion of ambrosia {unknown}
 e - 3 potions of flight
 f - a potion of lignification
 g - a potion of degeneration
 i - a potion of attraction {unknown}
 j - 2 potions of curing
 l - a potion of berserk rage {unknown}
 n - 2 potions of magic
 o - a potion of invisibility


   Skills:
 + Level 9.4 Fighting
 * Level 9.0 Maces & Flails
 + Level 9.5 Armour
 - Level 4.0 Shields


You had 9 spell levels left.
You didn't know any spells.
Your spell library contained the following spells:

 Spells                   Type           Power      Damage    Failure   Level
 Passwall                 Tmut/Erth      0%         N/A       98%         2
 Conjure Flame            Conj/Fire      0%         6-21      100%        3
 Dazzling Flash           Conj/Hex       0%         N/A       100%        3
 Ignite Poison            Fire/Tmut/Pois 0%         N/A       100%        3
 Ozocubu's Armour         Ice            0%         N/A       100%        3
 Portal Projectile        Hex/Tloc       0%         N/A       100%        3
 Swiftness                Air            0%         N/A       100%        3
 Sticky Flame             Conj/Fire      0%         2d3       100%        4
 Agony                    Necr           0%         N/A       100%        5
 Blade Hands              Tmut           0%         N/A       100%        5
 Excruciating Wounds      Necr           0%         N/A       100%        5
 Metabolic Englaciation   Hex/Ice        0%         N/A       100%        5
 Silence                  Hex/Air        0%         N/A       100%        5
 Invisibility             Hex            0%         N/A       100%        6
 Simulacrum               Ice/Necr       Unusable   N/A       N/A         6

Dungeon Overview and Level Annotations

Branches:
Dungeon (8/15)             Temple (1/1) D:5
   Lair: D:8-11

Altars:
Ashenzari
Cheibriados
Dithmenos
Elyvilon
Fedhas
Gozag
Hepliaklqana
Kikubaaqudgha
Makhleb
Okawaru
Qazlal
Ru
Sif Muna
Trog
Uskayaw
Vehumet
Xom
Yredelemnul
Zin
The Shining One
Beogh

Annotations:
D:3 3 runed translucent doors, RandomusNamus's ghost, amateur MiHu
D:5 1 runed translucent door, RandomusNamus's ghost, novice MiHu
D:8 Maurice


Innate Abilities, Weirdness & Mutations

You are immune to sickness and miasma.
Your stone body is resilient. (AC +7)
You are immune to poison.
You resist negative energy. (rN+)
You are resistant to electric shocks. (rElec)
You are resistant to unholy torment.
You are immune to petrification.


Message History

You bludgeon the orc priest!!
You kill the orc priest!
Okawaru accepts your kill.
The orc warrior hits you from afar with a +0 halberd!
You hit the orc.
The orc is moderately wounded.
The orc hits you but does no damage.
The orc warrior hits you but does no damage.
You sock the orc!
You kill the orc!
Okawaru accepts your kill.
You feel like a meek peon again. The orc hits you with a +0 flail.
Things that are here:
a +0 club; a +0 club; an orc corpse You sock the orc!
You kill the orc!
Okawaru accepts your kill.
The orc warrior hits you but does no damage.
The deep elf pyromancer mumbles some strange words.
The deep elf pyromancer blinks!
Items here: ! )) [ †.
The orc warrior hits you with a +0 halberd!
* * * LOW HITPOINT WARNING * * *
Things that are here:
a +0 club; a +0 club; an orc corpse You hit the orc warrior but do no damage.
The orc warrior hits you with a +0 halberd.
* * * LOW HITPOINT WARNING * * *
You closely miss the orc warrior. The orc warrior barely misses you.
The orc priest calls down the wrath of Beogh upon you.
Beogh smites you!
* * * LOW HITPOINT WARNING * * *
You hit the orc warrior.
The orc warrior is lightly wounded.
The orc warrior hits you but does no damage.
You hit the orc warrior.
The orc warrior is moderately wounded.
The orc warrior hits you with a +0 halberd!
You die...

#..................#
##.........#.......##
##...#...##........##
######.###.........##
#...#..........##
###.##...>.......
##.#..#..####. .
#...)###.####....
......
#....oo@)........
......
#....###.#.>.....
......
#................
......
######....####...
...... .e..... ..
...... ......... .
...... #..###.....
...... ... ......#
###.## .....


You could see an orc warrior and an orc priest.

Vanquished Creatures
  Erica (D:8)
  A two-headed ogre (D:7)
  Pikel (D:6)
  Psyche (D:7)
  A wyvern (D:6)
  2 water moccasins (D:5)
  An orc warrior (D:8)
  An ice beast (D:5)
  A sky beast (D:7)
  2 black bears (D:7)
  A bullfrog (D:7)
  2 scorpions
  3 killer bees
  2 howler monkeys
  2 vampire bats (D:4)
  2 centaur zombies
  4 hounds
  A jelly (D:7)
  4 orc priests
  A centaur skeleton (D:7)
  4 iguanas
  3 orc wizards
  A hound skeleton (D:5)
  A mummy (D:4)
  4 gnolls (D:3)
  7 adders
  4 worms
  2 dart slugs
  43 orcs
  8 bats
  2 bat skeletons (D:4)
  4 bat zombies (D:4)
  6 endoplasms
  5 giant cockroaches
  8 goblins
  8 hobgoblins
  6 jackals
  8 kobolds
  2 quokkas (D:2)
  7 ball pythons
  4 frilled lizards
  9 rats
180 creatures vanquished.

Vanquished Creatures (collateral kills)
  A water moccasin zombie (D:5)
1 creature vanquished.

Grand Total: 181 creatures vanquished

Notes
Turn   | Place    | Note
-------+----------+-------------------------------------------
     0 | D:1      | speeev33 the Gargoyle Fighter began the quest for the Orb.
     0 | D:1      | Reached XP level 1. HP: 14/14 MP: 1/1
     0 | D:1      | Noticed a shadow dragon
     1 | D:1      | Noticed an ice dragon
     4 | D:1      | Noticed a red draconian
     4 | D:1      | Noticed an orb of fire
     7 | D:1      | Noticed an ice dragon
     8 | D:1      | Noticed a large abomination
     9 | D:1      | Noticed an iron dragon
    11 | D:1      | Noticed an orb of fire
    13 | D:1      | Noticed a tentacled monstrosity
    15 | D:1      | Noticed a large abomination
    19 | D:1      | Noticed a shadow dragon
    19 | D:1      | Noticed a tentacled monstrosity
   192 | D:1      | Reached XP level 2. HP: 16/19 MP: 2/2
   594 | D:1      | Reached XP level 3. HP: 23/23 MP: 3/3
   647 | D:1      | Found a faded altar of an unknown god.
  1381 | D:2      | Reached XP level 4. HP: 29/29 MP: 4/4
  2364 | D:3      | Reached XP level 5. HP: 33/33 MP: 5/5
  2397 | D:3      | Found a runed translucent gate.
  2401 | D:3      | Noticed RandomusNamus's ghost (amateur MiHu)
  2402 | D:3      | Found a runed translucent gate.
  2402 | D:3      | Found a runed translucent gate.
  2949 | D:3      | Reached XP level 6. HP: 12/39 MP: 6/6
  3183 | D:3      | Found an opulent altar of Gozag.
  3711 | D:4      | Found an ancient bone altar of Kikubaaqudgha.
  3719 | D:4      | Reached skill level 5 in Fighting
  3719 | D:4      | Reached skill level 5 in Armour
  3893 | D:4      | Found a snail-covered altar of Cheibriados.
  3980 | D:4      | Found a glowing golden altar of the Shining One.
  4256 | D:4      | Reached XP level 7. HP: 31/44 MP: 7/7
  4532 | D:4      | Upgraded the game from 0.28-a0-514-g0d7ab7f379 to
                  | 0.28-a0-519-gbfeecf2fc5
  5251 | D:5      | Entered Level 5 of the Dungeon
  5292 | D:5      | Found a runed translucent door.
  5292 | D:5      | Noticed RandomusNamus's ghost (novice MiHu)
  5310 | D:5      | Reached skill level 5 in Maces & Flails
  5379 | D:5      | Found a shimmering blue altar of Sif Muna.
  5435 | D:5      | Reached XP level 8. HP: 24/52 MP: 8/8
  5611 | D:5      | Found a staircase to the Ecumenical Temple.
  5617 | Temple   | Entered the Ecumenical Temple
  5662 | Temple   | Became a worshipper of Warmaster Okawaru
  6334 | D:6      | Found a glowing silver altar of Zin.
  6466 | D:6      | Found a basalt altar of Yredelemnul.
  6466 | D:6      | Found a hide-covered altar of Uskayaw.
  6526 | D:6      | Found a blossoming altar of Fedhas.
  6707 | D:6      | Noticed Pikel
  6732 | D:6      | Killed Pikel
  6983 | D:6      | Noticed a wyvern
  6994 | D:6      | Killed a wyvern
  6995 | D:6      | Reached XP level 9. HP: 39/58 MP: 9/9
  6999 | D:6      | Reached * piety under Okawaru
  7249 | D:6      | Found a hazy altar of Hepliaklqana.
  8845 | D:8      | Noticed Maurice
  8848 | D:8      | Noticed a two-headed ogre
  8848 | D:8      | Noticed Psyche
  8851 | D:8      | Noticed a deep elf pyromancer
  9902 | D:7      | Killed Psyche
 10341 | D:7      | Killed a two-headed ogre
 10341 | D:7      | Reached ** piety under Okawaru
 10573 | D:7      | Reached XP level 10. HP: 12/66 MP: 8/10
 10924 | D:8      | Noticed Erica
 10953 | D:8      | Killed Erica
 10953 | D:8      | Reached *** piety under Okawaru
 11228 | D:8      | Mangled by an orc warrior

Illustrated notes

Levels and vault maps discovered:
D:1:      shiori_arrival_whats_in_store_for_you, layout_loops_ring,
          ebering_ecumenical_altar_sacrificial
D:2:      layout_loops_ring
D:3:      layout_basic, mainiacjoe_overflow_24_doors, biasface_ghost_orc_armoury
D:4:      layout_gridville, kennysheep_slug_shrine, kennysheep_vampire_church,
          nicolae_tso_carved_into_rock, gup_ossuary_entry_pyramid
D:5:      layout_loops_ring, nicolae_sif_muna_condensation,
          minmay_temple_entry_trees, hellmonk_ghost_happy_afterlife,
          patterned_corridor
D:6:      layout_rooms, mainiacjoe_overflow_alcove_1,
          chequers_temple_overflow_statue_of_worship, lemuel_doored_altar,
          nicolae_hepliaklqana_hippocampus, serial_curves, eino_curves_02,
          eino_curves_01, eino_curves_01, eino_curves_02, uniq_pikel
D:7:      layout_loops_ring, serial_co_window_serial, co_window_corner_a,
          co_window_paths_a, co_window_paths_a, co_window_paths_a,
          co_window_corner_a, co_window_corner_a, co_window_of_opportunity_a,
          co_window_corner_a, co_window_paths_b, co_window_2corner,
          co_window_of_opportunity_c, co_window_corner_cb, co_window_cross_4,
          co_window_unsneaky_path_c, co_window_corner_b, co_window_4corner_a,
          co_window_4corner_b, glass_columns_c, glass_columns_b,
          glass_columns_a, glass_columns_a
D:8:      layout_rooms, uniq_erica, uniq_maurice, uniq_psyche
Temple:   cyrus_temple_forest

Skill      XL: |  1  2  3  4  5  6  7  8  9 10 |
---------------+-------------------------------+-----
Shields        | 4 |  4.0
Armour         | 4 5 6 7 9 |  9.5
Fighting       | 4 5 6 7 9 |  9.4
Maces & Flails | 3 4 5 6 8 9 |  9.0

Action                   |  1- 3 |  4- 6 |  7- 9 | 10-12 || total
-------------------------+-------+-------+-------+-------++-------
Melee: Flail             |   157 |   272 |   409 |    59 ||   897
Invok: Heroism           |       |       |     6 |     2 ||     8
Evoke: Wand              |       |       |     1 |       ||     1
  Use: Scroll            |     4 |     3 |     7 |       ||    14
       Potion            |       |     1 |     1 |       ||     2
Armor: Scale mail        |   108 |    28 |       |       ||   136
       Chain mail        |       |   180 |   290 |    23 ||   493
Dodge: Dodged            |    86 |   109 |   198 |    20 ||   413
Block: Buckler           |    56 |    73 |    97 |    17 ||   243

Table legend: (Time is in decaauts)
 A = Elapsed time spent in this place.
 B = Non-inter-level travel time spent in this place.
 C = Inter-level travel time spent in this place.
 D = Time resting spent in this place.
 E = Time spent auto-exploring this place.
 F = Levels seen in this place.
 G = Mean time per level.
                   A        B        C        D        E       F      G
               +--------+--------+--------+--------+--------+-----+--------+
         Total |  11367 |  10872 |    495 |   3430 |   4879 |   9 | 1263.0 |
       Dungeon |  11280 |  10825 |    455 |   3430 |   4848 |   8 | 1410.0 |
        Temple |     86 |     46 |     40 |      0 |     31 |   1 |   86.0 |
               +--------+--------+--------+--------+--------+-----+--------+

Top non-repeatable levels by time:
     D:7: 2969 daAuts
     D:4: 1864 daAuts
     D:6: 1786 daAuts
     D:3: 1328 daAuts
     D:1: 1146 daAuts
     D:2: 1036 daAuts
     D:5: 906 daAuts
     D:8: 242 daAuts
  Temple: 86 daAuts
